 Dungeon Crawl Stone Soup version 0.31-a0-117-g42d8f58691 (webtiles) character file.

Game seed: 12109335158927765519

74 Angani the Digger (level 4, -1/33 HPs)
             Began as a Meteoran Earth Elementalist on May 30, 2023.
             Was an Initiate of Yredelemnul.
             Slain by a scorpion (6 damage)
             ... on level 3 of the Dungeon.
             The game lasted 00:04:58 (729 turns).

Angani the Digger (Meteoran Earth Elementalist)      Turns: 729, Time: 00:04:58

Health: -1/33      AC:  2    Str: 10    XL:     4   Next: 82%
Magic:  9/10       EV: 12    Int: 18    God:    Yredelemnul [......]
Gold:   59         SH:  0    Dex: 14    Spells: 7/10 levels left

rFire   . . .        (no weapon)
rCold   . . .        (no shield)
rNeg    . . .        a - +0 robe
rPois   +            (no helmet)
rElec   .            (no cloak)
rCorr   .            (no gloves)
SInv    .            (no boots)
Will    .....        f - amulet of magic regeneration
Stlth   +            e - ring of poison resistance
HPRegen 0.25/turn    (no ring)
MPRegen 0.52/turn

%: no passive effects
@: glowing
A: sense surroundings 1, otherworldly, glowing, explore regen
a: Renounce Religion, Recall Undead Harvest


You were on level 3 of the Dungeon.
You worshipped Yredelemnul.
Yredelemnul was noncommittal.
You visited 1 branch of the dungeon, and saw 3 of its levels.

You collected 103 gold pieces.
You spent 44 gold pieces at shops.

Inventory:

Armour
 a - a +0 robe (worn)
Jewellery
 e - a ring of poison resistance (left hand)
 f - an amulet of magic regeneration (around neck)
Scrolls
 c - a scroll of poison
 i - a scroll of identify
 k - a scroll of teleportation
Potions
 b - 2 potions of magic
 d - 2 potions of enlightenment
 g - a potion of brilliance {unknown}
 h - a potion of degeneration {unknown}
 j - 2 potions of curing {unknown}


   Skills:
 - Level 2.4 Dodging
 - Level 1.4 Stealth
 + Level 3.6 Spellcasting
 + Level 2.0 Conjurations
 + Level 2.5 Transmutations
 + Level 4.3 Earth Magic


You had 7 spell levels left.
You knew the following spells:

 Your Spells              Type           Power      Damage    Failure   Level
a - Sandblast             Erth           36%        2d10      2%          1
b - Passwall              Tmut/Erth      12%        N/A       5%          2

Your spell library contained the following spells:

 Spells                   Type           Power      Damage    Failure   Level
 Stone Arrow              Conj/Erth      28%        3d8       12%         3
 Petrify                  Tmut/Erth      15%        N/A       36%         4


Dungeon Overview and Level Annotations

Branches:
Dungeon (3/15) Zot: 1037

Altars:
Yredelemnul

Shops:
D:1 (:?   D:3 [(*


Innate Abilities, Weirdness & Mutations

You passively map a small area around you.
You are easily found by Zot.
You glow in the dark.
You regain HP and MP as you explore.


Message History

Okay, then.
Okay, then.
Unknown command.
Your orc zombie hits the scorpion but does no damage.
Aiming: Sandblast (safe; 2% risk of failure)
Press: ? - help, Q - select action, (/) - cycle Shift-Dir - straight line, f/p - scorpion
Aim: a scorpion (lightly wounded, ally target, 82% to hit)
The blast of sand hits the scorpion.
The scorpion is moderately wounded.
Unknown command.
Aiming: Sandblast (safe; 2% risk of failure)
Press: ? - help, Q - select action, (/) - cycle Shift-Dir - straight line, f/p - scorpion
Aim: a scorpion (moderately wounded, ally target, 82% to hit)
The blast of sand misses the scorpion.
The scorpion stings you.
Unknown command.
Aiming: Sandblast (safe; 2% risk of failure)
Press: ? - help, Q - select action, (/) - cycle Shift-Dir - straight line, f/p - scorpion
Aim: a scorpion (moderately wounded, ally target, 82% to hit)
The blast of sand hits the scorpion.
The scorpion is heavily wounded.
The scorpion stings you.
The scorpion stings you but does no damage.
Aiming: Sandblast (safe; 2% risk of failure)
Press: ? - help, Q - select action, (/) - cycle Shift-Dir - straight line, f/p - scorpion
Aim: a scorpion (heavily wounded, ally target, 82% to hit)
The blast of sand hits the scorpion but does no damage.
The scorpion is heavily wounded.
The scorpion stings you.
* * * LOW HITPOINT WARNING * * *
Your orc zombie hits the scorpion but does no damage.
Aiming: Sandblast (safe; 2% risk of failure)
Press: ? - help, Q - select action, (/) - cycle Shift-Dir - straight line, f/p - scorpion
Aim: a scorpion (heavily wounded, ally target, 82% to hit)
The blast of sand misses the scorpion.
The scorpion stings you.
* * * LOW HITPOINT WARNING * * *
The scorpion stings you.
You die...
Your body rises from the dead as a mindless zombie.

#.###...., *
* #∩# ... ,
,, #.# #+#
#.# * ., , ,,
#.# .## *
#.#####...##*
#)##...#....
#.##..).^...
*
#.@sZ...).).
, ,..
#######..∩..
#.. .). #..
*, ,,. ...# *
..# .# ** ,,


You could see a scorpion (ally target) and a friendly orc zombie.

Vanquished Creatures
  An adder (D:2)
  An ufetubus (D:3)
  2 dart slugs (D:1)
  4 orcs (D:3)
  2 ball pythons
  4 bats
  2 endoplasms
  2 giant cockroaches
  2 goblins (D:2)
  4 hobgoblins
  6 jackals (D:3)
  2 quokkas
  2 frilled lizards
  4 kobolds
  3 rats
41 creatures vanquished.

Vanquished Creatures (collateral kills)
  A bat (D:3)
  An endoplasm (D:3)
  A hobgoblin (D:2)
  A frilled lizard (D:2)
  A rat (D:2)
5 creatures vanquished.

Vanquished Creatures (others)
  2 bat zombies
  An endoplasm zombie (D:3)
  5 jackal zombies
  3 orc zombies (D:3)
  A spectral ufetubus (D:3)
12 creatures vanquished.

Grand Total: 58 creatures vanquished

Notes
Turn   | Place    | Note
-------+----------+-------------------------------------------
     0 | D:1      | Angani the Meteoran Earth Elementalist began the quest for
                  | the Orb.
     0 | D:1      | Reached XP level 1. HP: 14/14 MP: 5/5
    85 | D:1      | Found Nuevvid's Antique Weapon Shoppe.
    88 | D:1      | Reached XP level 2. HP: 20/20 MP: 4/6
   134 | D:1      | Reached skill level 1 in Conjurations
   157 | D:1      | Found Fuudemasch's Magic Scroll Shoppe.
   169 | D:1      | Learned a level 2 spell: Passwall
   188 | D:1      | Found Eraapat's Book Emporium.
   237 | D:1      | Reached XP level 3. HP: 26/26 MP: 4/8
   293 | D:2      | Reached skill level 4 in Earth Magic
   359 | D:2      | Found a faded altar of an unknown god.
   366 | D:2      | Prayed at the altar of an unknown god.
   366 | D:2      | Became a worshipper of Yredelemnul the Dark
   366 | D:2      | Reached * piety under Yredelemnul
   527 | D:2      | Reached ** piety under Yredelemnul
   528 | D:2      | Reached XP level 4. HP: 23/33 MP: 8/10
   579 | D:3      | HP: 1/33 [jackal (3)]
   590 | D:3      | Found Emyepeol's General Store.
   601 | D:3      | Bought a scroll of poison for 44 gold pieces
   695 | D:3      | Found Jiblao's Armour Shop.
   710 | D:3      | Found Bupyehaomn's Weapon Shop.
   715 | D:3      | Noticed a scorpion
   729 | D:3      | Slain by a scorpion

Illustrated notes

Levels and vault maps discovered:
D:1:      dpeg_arrival_rooms_with_view, layout_basic, serial_shops, shop, shop,
          nicolae_shop_waterfront, corexii_leaking_fountain, nicolae_wormholes
D:2:      layout_basic, dilly_ecumenical_altar_fadedgnrine
D:3:      layout_basic, serial_shops, nicolae_shop_scrapyard, shop,
          nicolae_shop_crystal, shop_statue,
          nicolae_shop_temple_entry_statues_fountains

Skill      XL: |  1  2  3  4 |
---------------+-------------+-----
Spellcasting   | 3 |  3.6
Conjurations   | 1 2 |  2.0
Transmutations | 2 |  2.5
Earth Magic    | 4 |  4.3
Dodging        | |  2.4
Stealth        | |  1.4

Action                     |  1- 3 |  4- 6 || total
---------------------------+-------+-------++-------
  Melee: Unarmed           |     2 |       ||     2
   Cast: Sandblast         |    33 |    29 ||    62
         Passwall          |     5 |       ||     5
    Use: Scroll            |     7 |       ||     7
         Potion            |       |     2 ||     2
 Armour: Robe              |     6 |    10 ||    16
  Dodge: Dodged            |     8 |    27 ||    35

Table legend: (Time is in decaauts)
 A = Elapsed time spent in this place.
 B = Non-inter-level travel time spent in this place.
 C = Inter-level travel time spent in this place.
 D = Time resting spent in this place.
 E = Time spent auto-exploring this place.
 F = Levels seen in this place.
 G = Mean time per level.
                   A        B        C        D        E       F      G
               +--------+--------+--------+--------+--------+-----+--------+
         Total |    761 |    721 |     40 |      0 |      0 |   3 |  253.7 |
       Dungeon |    761 |    721 |     40 |      0 |      0 |   3 |  253.7 |
               +--------+--------+--------+--------+--------+-----+--------+

Top non-repeatable levels by time:
     D:2: 331 daAuts
     D:1: 262 daAuts
     D:3: 167 daAuts
